 Dungeon Crawl Stone Soup version 0.29-a0-468-ge57f7f99b4 (webtiles) character file.

Game seed: 5407822628501379789

6 dabmancer the Magician (level 1, 9/9 HPs)
             Began as a Spriggan Hedge Wizard on May 22, 2022.
             Was a Follower of Zin.
             Got out of the dungeon alive.
             The game lasted 00:01:36 (982 turns).

dabmancer the Magician (Spriggan Hedge Wizard)       Turns: 982, Time: 00:01:37

Health: 9/9        AC:  2    Str:  6    XL:     1   Next: 75%
Magic:  6/6        EV: 17    Int: 15    God:    Zin [*.....]
Gold:   61         SH:  0    Dex: 14    Spells: 7/8 levels left

rFire   . . .      SeeInvis +   a - +0 dagger
rCold   . . .      Faith    .   (no shield)
rNeg    . . .      Spirit   .   b - +0 robe
rPois   .          Reflect  .   c - +0 hat
rElec   .          Harm     .   (no cloak)
rCorr   .          Rampage  .   (gloves unavailable)
Will    .....                   (boots unavailable)
Stlth   ++........              (no amulet)
HPRegen 0.03/turn               (no ring)
MPRegen 0.10/turn               (no ring)

@: very quick
A: very small, no large weapons, unfitting armour, see invisible, speed 3
a: Renounce Religion, Recite, Donate Gold


You escaped.
You worshipped Zin.
Zin was aware of your devotion.
You visited 1 branch of the dungeon, and saw 1 of its levels.

You collected 67 gold pieces.
You donated 6 gold pieces to Zin.

Inventory:

Hand Weapons
 a - a +0 dagger (weapon)
 f - a +0 hunting sling
Armour
 b - a +0 robe (worn)
 c - a +0 hat (worn)
 l - a +0 scale mail
Scrolls
 e - 2 scrolls of identify {unknown}
 g - 2 scrolls of teleportation {unknown}
Potions
 d - a potion of magic
 h - a potion of haste {unknown}
 i - a potion of degeneration {unknown}
 j - a potion of curing {unknown}
 k - a potion of lignification {unknown}


   Skills:
 + Level 2.6 Dodging
 + Level 3.2 Stealth
 + Level 4.4 Spellcasting
 + Level 0.6 Conjurations
 + Level 0.7 Summonings
 + Level 1.5 Translocations


You had 7 spell levels left.
You knew the following spells:

 Your Spells              Type           Power      Damage    Failure   Level
a - Magic Dart            Conj           20%        1d4       14%         1

Your spell library contained the following spells:

 Spells                   Type           Power      Damage    Failure   Level
 Blink                    Tloc           14%        N/A       14%         2
 Slow                     Hex            12%        N/A       17%         1
 Call Imp                 Summ           5%         N/A       21%         2
 Conjure Flame            Conj/Fire      4%         6-21      43%         3
 Mephitic Cloud           Conj/Pois/Air  3%         N/A       43%         3


Dungeon Overview and Level Annotations

Branches:
Dungeon (1/15)

Altars:
Zin


Innate Abilities, Weirdness & Mutations

You are very small and have problems with some larger weapons.
You are too small for most types of armour.
You have supernaturally acute eyesight. (SInv)
You cover ground extremely quickly. (Speed+++)


Message History

The hobgoblin is severely wounded.
The magic dart hits the hobgoblin.
You kill the hobgoblin!
You see here a hobgoblin corpse.
You now have 45 gold pieces (gained 11).
You see here a rat skeleton.
An endoplasm comes into view.
You miscast Magic Dart.
You are very lightly contaminated with residual magic.
Nothing appears to happen.
The endoplasm quivers.
The magic dart hits the endoplasm.
The endoplasm is lightly wounded.
The magic dart hits the endoplasm.
The endoplasm is severely wounded.
The magic dart hits the endoplasm.
You kill the endoplasm!
Your magical contamination has completely faded away.
You now have 59 gold pieces (gained 14).
g - 2 scrolls labelled QENUGI USTRYL (gained 1)
Found a scale mail.
You see here a +0 scale mail.
l - a +0 scale mail You now have 67 gold pieces (gained 8).
There is a stone staircase leading down here.
Done exploring.
Done exploring.
There is a faded altar of an unknown god here.
You cannot tell which god this altar belongs to.
Convert to them anyway?
Zin accepts your prayer! Zin welcomes you!
You pay a tithe of 6 gold.
You can now donate money to Zin.
You can now recite Zin's Axioms of Law.
There is an open door here.
There is an open door here.
There is a staircase leading out of the dungeon here.
Are you sure you want to leave the Dungeon?
This will make you lose the game!
Uppercase [Y]es or [N]o only, please.
Are you sure you want to leave the Dungeon?
This will make you lose the game!
You have escaped!

...####....#..#...#..##.#
...###...#..#'#####..##.#
#...###........#....>##.#
#....##...#....'.....##.#######
##...###...#...#.....##.#.....#
......##....#+#####..##.#.###.#
.......###..#.#...#..##.#.# #.#
........####..#...#..##.#.###.#
....#.....###.'.@.#...........#
######......###...#..##########
###......#####..#........#
###...........#.######.#
##..........#.#....#.#
######.#####.#.#.##.#
#.##...........#
#.##.##.#.#..###
#.##..........#


There were no monsters in sight!

Vanquished Creatures
  A ball python (D:1)
  An endoplasm (D:1)
  A hobgoblin (D:1)
  A quokka (D:1)
  A rat (D:1)
5 creatures vanquished.

Notes
Turn   | Place    | Note
-------+----------+-------------------------------------------
     0 | D:1      | dabmancer the Spriggan Hedge Wizard began the quest for the
                  | Orb.
     0 | D:1      | Reached XP level 1. HP: 9/9 MP: 6/6
   233 | D:1      | Found a faded altar of an unknown god.
   953 | D:1      | Prayed at the altar of an unknown god.
   953 | D:1      | Became a worshipper of Zin the Law-Giver
   953 | D:1      | Reached * piety under Zin
   982 | D:$      | Got out of the dungeon alive.

Illustrated notes

Levels and vault maps discovered:
D:1:      arrival_zaba_pyramid, layout_basic, basic_ecumenical_altar

Action                   || total
-------------------------++-------
 Cast: Magic Dart        ||    16

Table legend: (Time is in decaauts)
 A = Elapsed time spent in this place.
 B = Non-inter-level travel time spent in this place.
 C = Inter-level travel time spent in this place.
 D = Time resting spent in this place.
 E = Time spent auto-exploring this place.
 F = Levels seen in this place.
 G = Mean time per level.
                   A        B        C        D        E       F      G
               +--------+--------+--------+--------+--------+-----+--------+
         Total |    672 |    641 |     31 |      0 |    578 |   1 |  672.0 |
       Dungeon |    672 |    641 |     31 |      0 |    578 |   1 |  672.0 |
               +--------+--------+--------+--------+--------+-----+--------+

Top non-repeatable levels by time:
     D:1: 672 daAuts
